 Dungeon Crawl Stone Soup version 0.27-a0-1200-g94dc6ad4cf (webtiles) character file.

Game seed: 12546597907971945588

7471 hilljack the Geomancer (level 11, 0/54 HPs)
             Began as a Gargoyle Earth Elementalist on June 2, 2021.
             Was an Elder of Yredelemnul.
             Slain by a yak (9 damage)
             ... on level 2 of the Lair of Beasts.
             The game lasted 00:36:41 (12809 turns).

hilljack the Geomancer (GrEE)                      Turns: 12809, Time: 00:36:42

Health: 0/54       AC: 13    Str: 11    XL:     11   Next: 15%
Magic:  22/22      EV: 15    Int: 20    God:    Yredelemnul [****..]
Gold:   1259       SH:  0    Dex: 10    Spells: 16/25 levels left

rFire    . . .     SeeInvis +   a - staff of earth
rCold    . . .     Faith    .   k - +0 buckler
rNeg     + . .     Spirit   .   q - +0 leather armour
rPois    ∞         Reflect  .   (no helmet)
rElec    +         Harm     .   v - scarf {+Inv}
rCorr    .         Rampage  .   (no gloves)
Will     .....                  y - +1 pair of boots
Stlth    +.........             o - amulet of regeneration
HPRegen  1.18/turn              p - +4 ring of evasion
MPRegen  0.18/turn              u - ring of see invisible

@: confused
A: sickness immunity, AC +8, negative energy resistance 1, electricity
resistance, torment resistance 1, petrification resistance
a: Renounce Religion, Evoke Invisibility, Recall Undead Slaves, Injury Mirror,
Animate Dead, Drain Life


You were on level 2 of the Lair of Beasts.
You worshipped Yredelemnul.
Yredelemnul was greatly pleased with you.
You visited 3 branches of the dungeon, and saw 12 of its levels.

You collected 1259 gold pieces.

Inventory:

Hand Weapons
 b - a +0 hand crossbow
 e - a +1 short sword of freezing
 f - a +0 whip of flaming
Missiles
 d - 52 sling bullets
 g - 7 javelins
 C - 3 silver javelins
 E - 2 atropa-tipped darts
 I - 391 stones
 J - 39 bolts
 P - 8 curare-tipped darts
Armour
 k - a +0 buckler (worn)
 q - a +0 leather armour (worn)
 v - a scarf of invisibility (worn)
 y - a +1 pair of boots (worn)
Magical Staves
 a - a staff of earth (weapon)
Jewellery
 o - an amulet of regeneration (around neck)
 p - a +4 ring of evasion (left hand)
 u - a ring of see invisible (right hand)
 H - a ring of fire
 L - an amulet of magic regeneration
Wands
 h - a wand of polymorph (5)
 i - a wand of mindburst (17)
 A - a wand of flame (33)
 N - a wand of acid (6)
Scrolls
 j - 4 scrolls of fear
 l - 4 scrolls of immolation
 x - 4 scrolls of teleportation
 D - a scroll of amnesia
 F - a scroll of enchant armour
 M - a scroll of identify
Potions
 c - 3 potions of haste
 m - 3 potions of flight
 n - a potion of mutation
 r - a potion of resistance
 s - 4 potions of lignification
 t - 3 potions of attraction
 w - a potion of magic
 z - 4 potions of curing
 B - a potion of ambrosia
 G - 2 potions of heal wounds
 O - 2 potions of might
Miscellaneous
 K - a lightning rod (4/4)


   Skills:
 - Level 4.2 Staves
 - Level 1.5 Dodging
 - Level 2.1 Stealth
 - Level 4.6 Shields
 + Level 7.5 Spellcasting
 + Level 8.0 Conjurations
 - Level 0.7 Transmutations
 + Level 10.8 Earth Magic
 - Level 5.0 Invocations
 - Level 5.0 Evocations


You had 16 spell levels left.
You knew the following spells:

 Your Spells              Type           Power      Damage    Failure   Level
a - Sandblast             Erth           100%       2d20      1%          1
b - Stone Arrow           Conj/Erth      100%       3d13      1%          3
c - Passwall              Tmut/Erth      38%        N/A       1%          2
d - Vampiric Draining     Necr           3%         2d6       34%         3

Your spell library contained the following spells:

 Spells                   Type           Power      Damage    Failure   Level
 Lee's Rapid Deconstruct  Erth           33%        3d18*     3%          5
 Petrify                  Tmut/Erth      46%        N/A       11%         4
 Animate Skeleton         Necr           14%        N/A       12%         1
 Freeze                   Ice            28%        1d5       12%         1
 Pain                     Necr           28%        1d5       12%         1
 Summon Small Mammal      Summ           28%        N/A       12%         1
 Call Imp                 Summ           7%         N/A       19%         2
 Hailstorm                Conj/Ice       23%        3d7       22%         4
 Call Canine Familiar     Summ           7%         N/A       34%         3
 Frozen Ramparts          Ice            14%        1d3       34%         3
 Ozocubu's Armour         Ice            7%         N/A       34%         3
 Summon Guardian Golem    Hex/Summ       7%         N/A       34%         3
 Animate Dead             Necr           3%         N/A       75%         4
 Summon Ice Beast         Ice/Summ       7%         N/A       75%         4
 Summon Lightning Spire   Summ/Air       7%         N/A       75%         4
 Agony                    Necr           7%         N/A       97%         5
 Metabolic Englaciation   Hex/Ice        3%         N/A       97%         5


Dungeon Overview and Level Annotations

Branches:
Dungeon (9/15)             Temple (1/1) D:4            Lair (2/6) D:9
  Swamp: Lair:2-4    Shoals: Lair:2-4     Snake: Lair:2-4    Spider: Lair:2-4
    Orc: D:9-12

Altars:
Ashenzari
Cheibriados
Dithmenos
Elyvilon
Fedhas
Gozag
Hepliaklqana
Kikubaaqudgha
Makhleb
Nemelex Xobeh
Okawaru
Qazlal
Ru
Sif Muna
Trog
Uskayaw
Vehumet
Wu Jian
Xom
Yredelemnul
Zin
The Shining One

Annotations:
D:6 2 runed translucent doors, abdoman's ghost, novice PaFi
D:9 3 transporters, indyram44's ghost, novice DsGl


Innate Abilities, Weirdness & Mutations

You are immune to sickness and miasma.
Your stone body is resilient. (AC +8)
You are immune to poison.
You resist negative energy. (rN+)
You are resistant to electric shocks. (rElec)
You are resistant to unholy torment.
You are immune to petrification.


Message History

The yak barely misses you.
You bump into the tree.
The unseen horror closely misses you.
The golden eye blinks!
The yak misses you. The golden eye blinks at you.
You are more confused.
You miss the unseen horror.
The unseen horror is lightly wounded.
The unseen horror completely misses you.
The yak barely misses you. The golden eye blinks at you.
You are more confused.
You hit the yak but do no damage.
You shatter the yak.
The yak is lightly wounded.
The unseen horror closely misses you.
The golden eye blinks!
The yak gores you but does no damage. The unseen horror hits you.
You bump into the rock wall.
The unseen horror hits you but does no damage.
The yak barely misses you.
You bump into the tree.
The unseen horror barely misses you. The yak gores you.
You hit the unseen horror but do no damage.
The unseen horror barely misses you.
The unseen horror completely misses you.
The golden eye blinks at you. You resist with almost no effort.
The yak gores you! The unseen horror closely misses you.
The golden eye blinks!
The unseen horror hits you! The yak barely misses you.
You bump into the rock wall.
The yak misses you. The unseen horror misses you.
The unseen horror hits you. x2
* * * LOW HITPOINT WARNING * * *
You bump into the tree.
The unseen horror misses you. The yak closely misses you.
You bump into the rock wall.
The unseen horror closely misses you. The yak barely misses you.
You bump into the rock wall.
The unseen horror misses you. The unseen horror hits you!
* * * LOW HITPOINT WARNING * * *
The yak gores you!
You die...
Your body rises from the dead as a mindless zombie.

# # ### ##..##### ...
......... #.. ..P####.#
#.# P.# ##.# #.# #.## #..#
####♣####<# ##..# ##.#
#.#.♣.x##.### #...# #..
#....Y@#.#.####..# ##.#
##♣.<.♣#..........###..#
#......#P..#.###......†.
###...###..#.# #.......#
####.#§###.####P.......#
#...†§.# #.. ##.......#
#..†♣....#... #.......#
#.........##.............
#..♣..>..♣..#............#


You could see a yak and an unseen horror (invisible).

Vanquished Creatures
  3 cane toads
  Maggie (D:8)
  A kobold demonologist (D:5)
  A hornet (D:8)
  A blink frog (Lair:2)
  A yak (Lair:2)
  4 steam dragons
  A warg (D:9)
  2 water moccasins
  5 orc warriors
  2 sky beasts
  2 necrophages
  An ogre (D:5)
  A centaur (D:6)
  3 bullfrogs
  A wyvern zombie (D:8)
  A wyvern skeleton (D:7)
  A water moccasin zombie (D:7)
  2 water moccasin skeletons
  5 killer bees (D:7)
  4 wights (D:7)
  A howler monkey (D:6)
  A centaur zombie (D:4)
  3 hounds
  A jelly (D:6)
  A gnoll shaman (D:5)
  3 orc priests
  2 centaur skeletons (D:7)
  A bullfrog skeleton (D:6)
  2 iguanas
  5 orc wizards
  5 gnolls (D:5)
  6 adders
  An adder skeleton (D:4)
  3 worms
  36 orcs
  4 bats
  7 endoplasms
  5 giant cockroaches
  4 goblins
  4 hobgoblins
  6 jackals (D:2)
  9 kobolds
  A quokka (D:2)
  11 ball pythons
  3 frilled lizards
  6 rats
174 creatures vanquished.

Vanquished Creatures (collateral kills)
  A cyclops (D:9)
  A black mamba (Lair:2)
  An eye of devastation (Lair:2)
  A komodo dragon (Lair:1)
  3 trolls (D:9)
  3 blink frogs (Lair:2)
  2 yaks (Lair:2)
  2 steam dragons
  2 wargs (D:9)
  A water moccasin (Lair:2)
  3 centaurs
  A kobold brigand (D:9)
  3 bullfrogs
  2 hounds (D:7)
  2 orcs (D:9)
  3 kobolds (D:9)
31 creatures vanquished.

Vanquished Creatures (others)
  4 flying skulls
  A wight (D:7)
  15 fungi
  13 plants
33 creatures vanquished.

Grand Total: 238 creatures vanquished

Notes
Turn   | Place    | Note
-------+----------+-------------------------------------------
     0 | D:1      | hilljack the Gargoyle Earth Elementalist began the quest
                  | for the Orb.
     0 | D:1      | Reached XP level 1. HP: 10/10 MP: 3/3
   396 | D:1      | Reached skill level 4 in Earth Magic
   436 | D:1      | Reached XP level 2. HP: 12/15 MP: 5/5
   496 | D:1      | Found a faded altar of an unknown god.
   612 | D:1      | Became a worshipper of Yredelemnul the Dark
   612 | D:1      | Reached * piety under Yredelemnul
  1526 | D:2      | Reached XP level 3. HP: 19/19 MP: 2/6
  1894 | D:2      | Reached ** piety under Yredelemnul
  2110 | D:2      | Reached skill level 5 in Earth Magic
  2290 | D:2      | Reached XP level 4. HP: 22/24 MP: 4/8
  2700 | D:3      | Noticed a necrophage
  2710 | D:3      | Killed a necrophage
  2711 | D:3      | Reached skill level 6 in Earth Magic
  2711 | D:3      | Reached XP level 5. HP: 23/28 MP: 9/9
  2854 | D:3      | Identified a scroll of acquirement
  2854 | D:3      | Acquired a staff of earth
  2860 | D:3      | Learned a level 3 spell: Stone Arrow
  3324 | D:3      | Found a sparkling altar of Nemelex Xobeh.
  3517 | D:3      | Reached XP level 6. HP: 32/32 MP: 11/11
  3905 | D:4      | Found a shadowy altar of Dithmenos.
  3981 | D:4      | Noticed a necrophage
  4002 | D:4      | Reached skill level 1 in Staves
  4002 | D:4      | Reached skill level 1 in Shields
  4039 | D:4      | Killed a necrophage
  4269 | D:4      | Found a staircase to the Ecumenical Temple.
  4317 | D:4      | Reached XP level 7. HP: 34/36 MP: 12/12
  4328 | Temple   | Entered the Ecumenical Temple
  4833 | D:4      | Acquired 607 gold pieces
  4932 | D:4      | Found a shimmering blue altar of Sif Muna.
  4944 | D:4      | Found a stormy altar of Qazlal.
  4963 | D:4      | Found a white marble altar of Elyvilon.
  5287 | D:5      | Entered Level 5 of the Dungeon
  5729 | D:5      | Reached *** piety under Yredelemnul
  6095 | D:6      | Found a runed translucent door.
  6097 | D:6      | Noticed abdoman's ghost (novice PaFi)
  6124 | D:6      | Found a runed translucent door.
  6290 | D:6      | Reached skill level 1 in Evocations
  6290 | D:6      | Reached XP level 8. HP: 41/41 MP: 10/13
  6481 | D:6      | Reached skill level 5 in Evocations
  6481 | D:6      | Reached skill level 1 in Conjurations
  6781 | D:6      | Found a broken altar of Ashenzari.
  6801 | D:6      | Noticed a kobold demonologist
  6825 | D:5      | Noticed a red devil
  6832 | D:5      | Killed a kobold demonologist
  6833 | D:5      | Reached skill level 7 in Earth Magic
  7631 | D:7      | Received a gift from Yredelemnul (a wight)
  7632 | D:7      | Reached XP level 9. HP: 45/45 MP: 15/15
  7703 | D:7      | Learned a level 2 spell: Passwall
  8081 | D:7      | Found an iron altar of Okawaru.
  8253 | D:7      | Reached skill level 8 in Earth Magic
  8482 | D:7      | Found a large runed translucent door.
  8483 | D:7      | Found a large runed translucent door.
  8509 | D:7      | Reached skill level 5 in Spellcasting
  8574 | D:7      | Found a bloodstained altar of Trog.
  8577 | D:7      | Found an ancient bone altar of Kikubaaqudgha.
  8701 | D:7      | Reached skill level 1 in Invocations
  9253 | D:8      | Noticed a hornet
  9255 | D:8      | Killed a hornet
  9256 | D:8      | Reached skill level 5 in Conjurations
  9325 | D:8      | Noticed Maggie
  9619 | D:8      | Killed Maggie
  9620 | D:8      | Reached skill level 9 in Earth Magic
  9620 | D:8      | Reached XP level 10. HP: 39/50 MP: 0/18
  9934 | D:9      | Learned a level 3 spell: Vampiric Draining
  9940 | D:9      | Received a gift from Yredelemnul (4 flying skulls)
 10080 | D:9      | Noticed a two-headed ogre
 10080 | D:9      | Noticed a moth of wrath
 10082 | D:9      | Noticed indyram44's ghost (novice DsGl)
 10082 | D:9      | Noticed a two-headed ogre
 10087 | D:9      | Noticed a two-headed ogre
 10150 | D:9      | Noticed a deep troll
 10578 | D:9      | Found a bloodstained altar of Trog.
 10578 | D:9      | Noticed a cyclops
 10585 | D:9      | Found a transporter.
 10602 | D:9      | Found a transporter.
 10604 | D:9      | Found a transporter.
 10622 | D:9      | Noticed a cyclops
 10627 | D:9      | Killed a cyclops
 11178 | D:9      | Found a staircase to the Lair.
 11388 | Lair:1   | Entered Level 1 of the Lair of Beasts
 11473 | Lair:1   | Reached **** piety under Yredelemnul
 12002 | Lair:1   | Reached skill level 5 in Invocations
 12020 | Lair:1   | Noticed a cane toad
 12032 | Lair:1   | Killed a cane toad
 12033 | Lair:1   | Reached skill level 10 in Earth Magic
 12289 | Lair:2   | Noticed a black mamba
 12294 | Lair:2   | Noticed a cane toad
 12299 | Lair:2   | Killed a black mamba
 12303 | Lair:2   | Killed a cane toad
 12304 | Lair:2   | Reached XP level 11. HP: 37/54 MP: 7/21
 12425 | Lair:2   | Noticed a five-headed hydra
 12427 | Lair:2   | a five-headed hydra changed into an eye of devastation
 12809 | Lair:2   | Slain by a yak

Illustrated notes

Levels and vault maps discovered:
D:1:      lemuel_arrival_funnel, layout_loops_ring, basic_ecumenical_altar,
          minmay_tromino_i2
D:2:      wander_river, layout_loops_cross, kennysheep_another_room,
          minivault_23, minmay_randomly_rotated_circles
D:3:      layout_basic, lemuel_coloured_pillars_altar, eino_tiny_chamber
D:4:      minmay_recursive_quarters, layout_basic, grunt_temple_overflow_open,
          old_standard_altar, minmay_temple_entry_stoned_glass,
          hangedman_decor_diamond_cutter
D:5:      layout_loops_ring
D:6:      layout_layer_cave, general_overflow_altar, ebering_ghost_sewer_f,
          nrook_pool_corridor, minmay_misc_feat_tiny, kennysheep_flooded_box,
          dk_noncrumbling_2
D:7:      layout_gridville, jmf_multi_god_temple2, okawaru_metal_pillars_1_2,
          grunt_ministairs_6, minmay_holes, due_unseen_surprise
D:8:      layout_rooms, hex_tiny, amethyst_killhole, minmay_statues_item,
          nrook_campfire, uniq_maggie
D:9:      gammafunk_jiyva_shrine, layout_small_grid, erik_lair_orcish_takeover,
          gammafunk_ghost_wrathful_warriors, minmay_liquid_box
Temple:   oiseaux_autumnal_temple
Lair:1:   layout_loops_ring
Lair:2:   layout_small_grid, minmay_swamp_entry_eels, beast_lair_carwin_6,
          grunt_megastairs_3

Skill      XL: |  1  2  3  4  5  6  7  8  9 10 11 |
---------------+----------------------------------+-----
Earth Magic    | 4 5 6 7 9 10 | 10.8
Spellcasting   | 3 4 5 7 |  7.5
Staves         | 2 4 |  4.2
Shields        | 3 4 |  4.6
Evocations     | 1 5 |  5.0
Conjurations   | 2 5 7 8 |  8.0
Invocations    | 3 5 |  5.0
Dodging        | |  1.5
Stealth        | |  2.1
Transmutations | |  0.7

Action                   |  1- 3 |  4- 6 |  7- 9 | 10-12 || total
-------------------------+-------+-------+-------+-------++-------
Melee: Whip              |    91 |       |       |       ||    91
       Short sword       |    42 |    70 |       |       ||   112
       Staff             |       |   150 |   365 |    81 ||   596
 Cast: Sandblast         |    10 |    11 |    37 |       ||    58
       Stone Arrow       |       |       |    45 |    36 ||    81
       Passwall          |       |       |     2 |       ||     2
Evoke: Wand              |       |       |       |    16 ||    16
  Use: Scroll            |     3 |     6 |    12 |     4 ||    25
       Potion            |       |       |     2 |     4 ||     6
Armor: Robe              |    12 |       |       |       ||    12
       Ring mail         |    78 |   117 |   112 |       ||   307
       Leather armour    |       |       |    23 |    52 ||    75
Dodge: Dodged            |    96 |   179 |   270 |   128 ||   673
Block: Buckler           |       |    28 |    74 |    21 ||   123

Table legend: (Time is in decaauts)
 A = Elapsed time spent in this place.
 B = Non-inter-level travel time spent in this place.
 C = Inter-level travel time spent in this place.
 D = Time resting spent in this place.
 E = Time spent auto-exploring this place.
 F = Levels seen in this place.
 G = Mean time per level.
                   A        B        C        D        E       F      G
               +--------+--------+--------+--------+--------+-----+--------+
         Total |  12927 |  12100 |    827 |   1609 |   8425 |  12 | 1077.2 |
       Dungeon |  11171 |  10410 |    761 |   1300 |   7242 |   9 | 1241.2 |
        Temple |    335 |    297 |     38 |      0 |    296 |   1 |  335.0 |
          Lair |   1420 |   1393 |     27 |    309 |    886 |   2 |  710.0 |
               +--------+--------+--------+--------+--------+-----+--------+

Top non-repeatable levels by time:
     D:6: 1562 daAuts
     D:7: 1530 daAuts
     D:1: 1496 daAuts
     D:2: 1451 daAuts
     D:4: 1188 daAuts
     D:3: 1161 daAuts
     D:9: 1044 daAuts
  Lair:1: 917 daAuts
     D:8: 890 daAuts
     D:5: 848 daAuts
  Lair:2: 503 daAuts
  Temple: 335 daAuts
